Map: Ephemeron LE

Players

Simmen - Winner!

  • Race: Zerg Zerg
  • League: Master
  • Spawn Location: 11:00

EliteRolox - Winner!

  • Race: Zerg Zerg
  • League: Silver
  • Spawn Location: 5:00

A.I. 2 (Harder)

  • Race: Terran Terran

VOD

Have the link to the VOD?

Description

Time

  • Played on: Jan. 26, 2020, 11:36 a.m.
  • Length: 9:03
Show
View Real Time Build Order
Export as new Build Order

Simmen Zerg - Winner!

Build Orders: Hatch First 

Get SALT Encoding   

  12  0:01  Drone  
  13  0:13  Overlord  
  13  0:17  Drone  
  14  0:31  Drone x2  
  16  0:50  Hatchery  
  16  0:53  Drone  
  16  0:57  Drone  
  17  1:00  Drone  
  18  1:11  Extractor  
  17  1:17  Spawning Pool  
  16  1:20  Drone  
  16  1:23  Drone  
  18  1:29  Drone  
  19  1:40  Drone  
  20  1:52  Overlord  
  20  2:04  Queen x2  
  20  2:05  Zergling x4  
  26  2:14  Drone x2  
  28  2:17  Metabolic Boost  
  29  2:22  Drone  
  29  2:23  Drone  
  30  2:36  Drone  
  30  2:37  Overlord  
  31  2:50  Queen  
  33  3:08  Hatchery, Drone x4  
  33  3:12  Overlord  
  36  3:15  Drone  
  37  3:23  Drone x3  
  40  3:30  Queen  
  42  3:42  Lair  
  42  3:50  Roach Warren  
  41  3:56  Drone x5  
  41  3:59  Extractor  
  41  4:00  Extractor, Drone x3  
  41  4:02  Drone  
  48  4:03  Drone  
  48  4:05  Drone  
  50  4:17  Queen  
  52  4:25  Queen  
  52  4:29  Overlord  
  54  4:33  Evolution Chamber  
  54  4:36  Evolution Chamber  
  52  4:41  Glial Reconstitution  
  52  4:44  Drone x2  
  54  4:46  Drone x2  
  54  4:47  Drone x2  
  54  4:48  Drone  
  54  4:50  Overlord  
  54  4:51  Drone x3  
  62  5:01  Drone x3  
  62  5:02  Drone  
  62  5:04  Overlord  
  62  5:05  Extractor  
  65  5:09  Zerg Ground Armor Level 1  
  65  5:12  Zerg Missile Weapons Level 1  
  65  5:29  Roach x4  
  65  5:31  Drone  
  65  5:33  Drone x2  
  65  5:34  Drone  
  77  5:36  Hatchery  
  77  5:38  Extractor  
  75  5:45  Drone x5  
  80  5:51  Queen  
  80  5:55  Overlord x4  
  82  6:02  Spore Crawler x2  
  80  6:19  Overlord  
  80  6:20  Overlord, Roach  
  80  6:21  Roach x7  
  80  6:25  Roach x3  
  102  6:27  Ravager x3  
  102  6:29  Drone  
  102  6:31  Drone  
  107  6:33  Overlord  
  107  6:41  Roach x2  
  107  6:42  Roach x2  
  115  6:52  Roach  
  115  6:53  Roach x2  
  121  6:57  Queen  
  121  6:58  Roach x4  
  121  6:59  Roach  
  133  7:02  Ravager x2  
  133  7:03  Ravager x2  
  133  7:06  Roach x2  
  133  7:07  Roach  
  143  7:10  Overlord x2  
  143  7:28  Extractor  
  143  7:29  Roach x7  
  160  7:30  Roach x2  
  152  7:45  Roach  
  152  7:46  Roach x4  
  152  7:47  Overlord  
  152  7:48  Overlord x4  
  160  8:12  Roach x3  
  172  8:13  Roach x10  
  186  8:27  Roach  
  186  8:28  Roach x2  
  186  8:30  Roach  
  186  8:33  Roach  
  198  8:34  Roach  
  198  8:36  Roach  
Show
View Real Time Build Order
Export as new Build Order

EliteRolox Zerg - Winner!

Build Orders:  

Get SALT Encoding   

  12  0:00  SCV  
  13  0:13  SCV  
  14  0:18  Supply Depot  
  14  0:25  SCV  
  15  0:40  SCV  
  16  0:44  Barracks  
  16  0:52  SCV  
  17  1:04  SCV  
  18  1:18  Command Center  
  18  1:30  Marine  
  19  1:33  Orbital Command  
  19  1:38  Supply Depot  
  19  1:45  Refinery  
  19  1:48  Marine  
  20  1:59  SCV  
  21  2:02  Barracks  
  21  2:10  Marine, Refinery  
  21  2:11  SCV  
  23  2:23  SCV  
  23  2:28  Supply Depot, Barracks Tech Lab  
  24  2:37  SCV  
  25  2:46  Marine  
  25  2:49  Refinery  
  25  2:50  SCV  
  27  2:53  SCV  
  27  2:55  Marine  
  29  3:02  SCV  
  29  3:05  Marauder, SCV  
  33  3:14  SCV  
  33  3:15  Barracks Tech Lab  
  33  3:17  SCV  
  35  3:22  Factory  
  35  3:26  SCV  
  36  3:29  SCV  
  36  3:34  Factory  
  37  3:58  Marine  
  38  4:04  Refinery  
  38  4:08  Starport, Marauder  
  40  4:12  Starport, Factory Tech Lab  
  42  4:17  Marauder  
  42  4:18  Factory Tech Lab  
  42  4:29  Reaper  
  43  4:32  SCV  
  43  4:35  SCV  
  43  4:36  Ghost Academy  
  45  4:44  Starport Tech Lab  
  45  4:48  Medivac, Supply Depot  
  45  4:50  SCV  
  48  4:54  SCV  
  49  5:01  Stimpack  
  49  5:02  SCV  
  49  5:07  Ghost, SCV  
  51  5:10  Combat Shield  
  53  5:14  SCV  
  53  5:19  Starport Tech Lab, SCV  
  55  5:23  Engineering Bay  
  55  5:26  SCV  
  56  5:32  SCV  
  56  5:33  Supply Depot  
  57  5:38  SCV  
  57  5:39  Marine  
  59  5:44  SCV  
  59  5:48  Marine  
  61  5:50  Terran Infantry Armor Level 1, SCV  
  61  5:56  SCV  
  62  5:58  Marine  
  62  6:00  Supply Depot  
  62  6:03  SCV  
  64  6:07  Marine  
  64  6:08  SCV  
  66  6:16  Marine  
  67  6:21  SCV x2  
  67  6:24  Supply Depot  
  69  6:26  Marine  
  69  6:29  Concussive Shells  
  70  6:33  SCV  
  70  6:35  Marauder  
  72  6:45  Medivac, SCV, Marauder  
  72  6:46  Medivac  
  79  6:47  Supply Depot  
  79  6:53  Missile Turret  
  79  6:54  SCV  
  79  6:57  Marauder  
  79  6:58  SCV  
  79  6:59  Missile Turret  
  83  7:02  Missile Turret  
  83  7:05  Missile Turret  
  83  7:06  Marauder  
  85  7:09  SCV  
  85  7:10  Sensor Tower  
  85  7:11  Supply Depot  
  86  7:15  Raven x2  
  86  7:18  Reaper  
  86  7:19  Armory  
  86  7:22  Bunker  
  91  7:26  Barracks  
  91  7:27  Ghost  
  91  7:28  Bunker  
  93  7:36  Supply Depot  
  72  7:50  Marine, Hellion  
  64  7:53  Hellion  
  56  7:58  Viking  
  56  8:02  Marine  
  41  8:14  Marine  
  29  8:24  Marine  
  23  8:31  SCV  
  8  8:42  Marine  
  8  8:43  SCV  
Show
View Real Time Build Order
Export as new Build Order

A.I. 2 (Harder) Terran 

Build Orders:  

Get SALT Encoding   

Tags
 
Add a new tag
Caveats
  • Supply blocks, unpowered buildings, or Contaminate may cause inaccurate times.
  • Supply counts are checked every 10 seconds.